 Dungeon Crawl Stone Soup version 0.18-a0-1285-g60d00e1 (webtiles) character file.

5796 M4edhros the Covert (level 10, 0/112 HPs)
             Began as an Octopode Artificer on Feb 8, 2016.
             Slain by a komodo dragon (30 damage)
             ... on level 1 of the Lair of Beasts.
             The game lasted 00:31:17 (31957 turns).

M4edhros the Covert (Octopode Artificer)           Turns: 31957, Time: 00:31:17

Health: 0/112      AC:  9    Str: 15    XL:     10   Next: 79%
Magic:  26/26      EV: 15    Int: 26    God:    Xom [..*...]
Gold:   408        SH: 11    Dex: 13    Spells: 0 memorised, 9 levels left

rFire  + . .     SeeInvis +     I - +0 trident
rCold  . . .     Gourm    .     x - +1 shield {AC+3}
rNeg   . . .     Faith    .     F - +1 hat
rPois  .         Spirit   .     (no amulet)
rElec  .         Dismiss  .     j - ring of see invisible
rCorr  .         Reflect  .     l - ring of flight
SustAt +         Harm     .     C - ring of sustain attributes
MR     .....                    k - ring of magical power
Stlth  ..........               O - +6 ring of intelligence
                                (no ring)
                                (no ring)
                                (no ring)

@: berserking (expiring), very quick, not resistant to hostile enchantments,
extremely unstealthy
A: almost no armour, amphibious, 8 rings, constrict 8, tentacle spike 2, molten
scales 1, slimy green scales 1, camouflage 1, blink, clever 1, fire resistance
1, high mp 1, sense surroundings 1, robust 2, shaggy fur 1, gelatinous body 1
a: Blink, Renounce Religion, Evoke Flight


You were on level 1 of the Lair of Beasts.
You worshipped Xom.
You were a toy of Xom.
You were hungry.

You visited 3 branches of the dungeon, and saw 10 of its levels.

You collected 408 gold pieces.

Inventory:

Hand Weapons
 r - a +0 rapier
 A - a +2 short sword of flaming
 I - a +0 trident (weapon)
Missiles
 a - 15 sling bullets of frost
 f - 2 poisoned javelins
 q - 7 javelins (quivered)
 s - 2 needles of frenzy
 E - 6 exploding tomahawks
Armour
 x - a +1 shield of protection (worn)
 F - a +1 hat (worn)
Jewellery
 j - a ring of see invisible (left tentacle)
 k - a ring of magical power (on tentacle)
 l - a ring of flight (right tentacle)
 t - an uncursed ring of loudness
 C - a ring of sustain attributes (on tentacle)
 O - a +6 ring of intelligence (on tentacle)
Wands
 b - a wand of flame (0/48)
 c - a wand of enslavement (7/24)
 d - a wand of random effects (0/48)
 m - a wand of lightning (3/15)
 y - a wand of teleportation (1/9)
 J - a wand of flame (24/48)
 L - a wand of paralysis (20/24)
Scrolls
 e - a scroll of blinking
 g - 3 scrolls of remove curse
 n - 3 scrolls of enchant weapon
 o - a scroll of fear
 p - 2 scrolls of teleportation
 u - a scroll of fog
Potions
 i - a potion of agility
 v - a potion of flight
 z - 2 potions of might
 B - a potion of curing
 N - 2 potions of brilliance {unknown}
 P - a potion of degeneration {unknown}
Comestibles
 h - 5 fruits
 D - a beef jerky
 G - 7 slices of pizza
 H - 2 bread rations


   Skills:
 + Level 3.9 Fighting
 - Level 1.0 Short Blades
 * Level 9.1 Dodging
 * Level 12.3 Stealth
 * Level 6.2 Shields
 + Level 7.5 Evocations


You had 9 spell levels left.
You didn't know any spells.

Dungeon Overview and Level Annotations

Branches:
Dungeon (8/15)             Temple (1/1) D:5            Lair (1/8) D:8

Altars:
Ashenzari
Cheibriados
Dithmenos
Elyvilon
Fedhas
Gozag
Kikubaaqudgha
Makhleb
Nemelex Xobeh
Okawaru
Pakellas
Trog
Vehumet
Xom
Yredelemnul
Zin
The Shining One

Shops:
D:7 *

Annotations:
D:6 Rayvis's ghost, novice MiFi
Lair:1 exclusion: oklob plant, Fannar


Innate Abilities, Weirdness & Mutations

You cannot wear most types of armour.
You are amphibious.
You can wear up to eight rings at the same time.
You can use your tentacles to constrict eight enemies at once.
Your skin changes colour to match your surroundings (Stealth).
Your rubbery body absorbs attacks (AC +1).
One of your tentacles bears a nasty spike.
You are partially covered in molten scales (AC +1).
You are partially covered in slimy green scales (AC +2).
You can translocate small distances at will.
Your mind is acute. (Int +2)
Your flesh is heat resistant.
You have an increased reservoir of magic (+10% MP).
You passively map a small area around you.
You are very robust (+20% HP).
You are covered in fur (AC +1).


Message History

Aim: a komodo dragon You reach to attack!
You puncture the komodo dragon!
The komodo dragon is moderately wounded.
You closely miss the komodo dragon.
Your tentacle spike misses the komodo dragon.
The komodo dragon is lightly wounded.
The komodo dragon bites you!
* * * LOW HITPOINT WARNING * * *
You are too injured to fight recklessly!
You are too injured to fight recklessly!
You are too injured to fight recklessly!
You are too injured to fight recklessly!
You puncture the komodo dragon!
Your tentacle spike misses the komodo dragon.
The komodo dragon is moderately wounded.
You puncture the komodo dragon! You squeeze the komodo dragon.
The komodo dragon is severely wounded.
The komodo dragon bites you!!
You die...
Xom thinks this is hilarious!

# *P.....#...#r##...8....# #
#............*#........# #*
**.........P,#..8...8.##
,****,*.......*,##........#
#**,*,*,......*,#....8...## ###
,,,,,,*,,....,*###........####.##
*,,,**,,,,#..###....#.#....#.....
,,,,,,,...#........##,*#...#.....
,,,,,,,...'....8@...#**#.........
,,,,,,,,,.##.#.l##### ##...#....
,,,,,,,,,,,,,##.## *#....###.
,**,*,**,*,***#..# #.#..## ##
,*,.,,,,,*** ##†# ###...#
,,,..,,,,* ##.# #÷>.# ,*,...,*,*
#..# ##÷÷.# ,,,...F,,*
##.########.÷.## ,*,.....,*
#####.÷...........#


You could see a komodo dragon.

Vanquished Creatures
  Erolcha (D:8)
  A two-headed ogre (D:8)
  4 blink frogs (Lair:1)
  A human (D:7)
  A hippogriff (Lair:1)
  3 water moccasins
  3 porcupines (Lair:1)
  3 ice beasts
  2 orc warriors
  A sky beast (D:8)
  An eye of draining (D:8)
  4 ogres
  A necrophage (D:5)
  A killer bee (D:8)
  A crocodile (D:8)
  4 giant frogs
  2 scorpions (D:5)
  A crimson imp (D:6)
  5 hounds
  3 orc priests
  2 iguanas
  A gnoll shaman (D:7)
  11 orc wizards
  3 worker ants
  A killer bee zombie (D:6)
  9 sheep
  3 hound skeletons
  2 worker ant zombies
  11 gnolls
  27 river rats
  10 adders
  3 shadow imps
  An ooze (D:6)
  2 worms
  7 giant geckos
  27 orcs
  3 ball pythons
  4 giant cockroaches
  6 goblins
  6 hobgoblins
  7 jackals
  A quokka (D:8)
  29 bats
  5 giant newts
  4 kobolds
  14 rats
  A fungus (Lair:1)
243 creatures vanquished.

Vanquished Creatures (collateral kills)
  A hippogriff (Lair:1)
  2 killer bees (D:8)
  An iguana (Lair:1)
4 creatures vanquished.

Vanquished Creatures (others)
  A necrophage (D:5)
  2 killer bees (D:8)
  A quasit (D:7)
  A hound (D:4)
  4 fungi
9 creatures vanquished.

Grand Total: 256 creatures vanquished

Notes
Turn   | Place    | Note
--------------------------------------------------------------
     0 | D:1      | M4edhros the Octopode Artificer began the quest for the Orb.
     0 | D:1      | Reached XP level 1. HP: 13/13 MP: 3/3
   126 | D:1      | Found a shattered altar of Ashenzari.
   160 | D:1      | Reached XP level 2. HP: 12/18 MP: 4/4
   662 | D:1      | Reached XP level 3. HP: 23/23 MP: 5/5
  1115 | D:2      | Reached XP level 4. HP: 24/28 MP: 6/6
  1199 | D:3      | Reached skill level 4 in Stealth
  1610 | D:3      | Found an iron altar of Okawaru.
  1731 | D:4      | Reached XP level 5. HP: 23/33 MP: 8/8
  1894 | D:4      | Noticed an ogre
  1906 | D:4      | Killed an ogre
  1906 | D:4      | Reached skill level 5 in Stealth
  2156 | D:4      | Reached XP level 6. HP: 38/38 MP: 9/9
  2212 | D:4      | Found a shimmering altar of Xom.
  2337 | D:4      | Found a shimmering altar of Xom.
  2337 | D:4      | Noticed a phantom
  2398 | D:4      | Found a shimmering altar of Xom.
  2401 | D:4      | Became a worshipper of Xom of Chaos
  2448 | D:4      | XOM: harmless Summ miscast
  2460 | D:4      | XOM: potion effect (agility)
  2503 | D:4      | XOM: harmless Conj miscast
  2548 | D:4      | You fall through a shaft!
  2548 | D:5      | Entered Level 5 of the Dungeon
  2578 | D:5      | XOM: potion effect (haste)
  2581 | D:5      | Reached skill level 6 in Stealth
  2843 | D:5      | Found a staircase to the Ecumenical Temple.
  2857 | D:5      | Found a glowing golden altar of the Shining One.
  2862 | D:5      | XOM: harmless Ice miscast
  2878 | Temple   | Entered the Ecumenical Temple
  3145 | Temple   | XOM: divination: detect items
  3464 | Temple   | XOM: medium Pois miscast
  3790 | Temple   | XOM: divination: magic mapping
  3819 | Temple   | XOM: god gift: 2 needles of frenzy
  4053 | Temple   | XOM: god gift: glowing shield {god gift}
  4858 | Temple   | XOM: vitrification
  5050 | Temple   | XOM: 1-stop teleportation journey
  5141 | Temple   | XOM: god gift: fizzy silvery potion
  5210 | D:5      | Noticed a water moccasin
  5238 | D:5      | XOM: harmless Summ miscast
  5312 | D:5      | Reached skill level 5 in Dodging
  5312 | D:5      | Reached XP level 7. HP: 26/43 MP: 10/10
  5498 | D:5      | XOM: medium Ice miscast
  5613 | D:5      | Reached skill level 7 in Stealth
  5613 | D:5      | Reached skill level 5 in Evocations
  5622 | D:5      | XOM: confusion (+ monsters)
  5723 | D:5      | XOM: 3-stop teleportation journey
  5889 | D:5      | XOM: harmless Trmt miscast
  5921 | D:5      | XOM: harmless Ice miscast
  6125 | D:5      | XOM: scenery: 1 doors close
  6282 | D:5      | Found a glowing golden altar of the Shining One.
  6316 | D:5      | Reached skill level 8 in Stealth
  6316 | D:5      | Reached XP level 8. HP: 40/48 MP: 10/12
  6421 | D:5      | XOM: silly message
  6745 | D:6      | Noticed Rayvis's ghost (novice MiFi)
  6747 | D:6      | XOM: mild Necr miscast
  6753 | D:5      | XOM: harmless Hex miscast
  6779 | D:5      | XOM: noise
  7301 | D:3      | XOM: colour smoke trail
  8486 | D:3      | XOM: stat loss: -1 Dex (11/12)
  9237 | D:6      | Reached skill level 9 in Stealth
  9261 | D:6      | XOM: enchant monster (bad)
  9265 | D:6      | Reached skill level 1 in Shields
  9276 | D:6      | XOM: summons 4 hostile demons
  9538 | D:6      | XOM: confuse monster(s)
  9539 | D:6      | XOM: polymorph orc warrior -> sheep
  9569 | D:6      | XOM: harmless Trmt miscast
  9941 | D:5      | XOM: medium Fire miscast
 11047 | Temple   | XOM: mild Tloc miscast
 11604 | D:6      | XOM: harmless Ice miscast
 11925 | D:6      | XOM: divination: detect creatures
 12379 | D:6      | XOM: cast spell 'Ice Form'
 13064 | D:7      | Reached XP level 9. HP: 53/53 MP: 13/13
 13077 | D:7      | Found Zin's Purification Station.
 13078 | D:7      | Found a glowing silver altar of Zin.
 13105 | D:7      | XOM: silly message
 13111 | D:7      | Reached skill level 10 in Stealth
 13445 | D:7      | XOM: mild Pois miscast
 13493 | D:7      | Found an ancient bone altar of Kikubaaqudgha.
 13522 | D:7      | XOM: cast spell 'Summon Butterflies'
 13726 | D:7      | XOM: divination: detect creatures
 13761 | D:7      | XOM: enchant monster (good)
 13779 | D:6      | XOM: divination: magic mapping
 14742 | Temple   | XOM: give mutation
 14742 | Temple   | Gained mutation: You are agile. (Dex +2) [Xom's mischief]
 14815 | Temple   | XOM: 1-stop teleportation journey
 15150 | Temple   | XOM is BORED!
 15150 | Temple   | XOM: medium Pois miscast
 15744 | Temple   | XOM: harmless Necr miscast
 15908 | Temple   | XOM: divination: detect items
 16451 | Temple   | XOM is BORED!
 16451 | Temple   | XOM: mild Fire miscast
 16602 | Temple   | XOM: harmless Hex miscast
 17339 | Temple   | XOM: mild Conj miscast
 17984 | Temple   | XOM: mild Trmt miscast
 18828 | Temple   | XOM: divination: detect creatures
 19120 | Temple   | XOM: silly message
 19199 | Temple   | XOM: give mutations
 19199 | Temple   | Gained mutation: You have an increased reservoir of magic (+10% MP). [Xom's grace]
 19199 | Temple   | Gained mutation: Your system is resistant to poisons. [Xom's grace]
 19199 | Temple   | Gained mutation: You are partially covered in slimy green scales (AC +2). [Xom's grace]
 19199 | Temple   | Gained mutation: You evolve. [Xom's grace]
 19700 | Temple   | XOM: give mutations
 19700 | Temple   | Gained mutation: You are partially covered in thin metallic scales (AC +2). [Xom's grace]
 19700 | Temple   | Gained mutation: Your flesh is heat resistant. [Xom's grace]
 19700 | Temple   | Gained mutation: You possess an exceptional clarity of mind. [Xom's grace]
 19790 | Temple   | XOM is BORED!
 19790 | Temple   | XOM: mild Conj miscast
 20366 | Temple   | XOM: divination: detect creatures
 20382 | Temple   | Lost mutation: Your system is resistant to poisons. [evolution]
 20694 | Temple   | XOM: medium Divn miscast
 20737 | Temple   | XOM: god gift: 42 gold pieces
 20974 | Temple   | XOM: colour smoke trail
 21039 | Temple   | XOM: harmless Erth miscast
 21218 | Temple   | XOM: colour smoke trail
 21417 | Temple   | XOM is BORED!
 21417 | Temple   | XOM: mild Trmt miscast
 21785 | Temple   | XOM: harmless Air miscast
 22125 | Temple   | XOM: summons 4 hostile demons
 22126 | Temple   | Noticed a rust devil
 22240 | Temple   | XOM: 8-stop teleportation journey
 22405 | Temple   | XOM: medium Necr miscast
 22916 | Temple   | XOM: cast spell 'Necromutation'
 23017 | Temple   | XOM: god gift: shiny scale mail {god gift}
 23341 | Temple   | XOM: 5-stop teleportation journey
 23498 | Temple   | XOM is BORED!
 23498 | Temple   | XOM: give mutations
 23498 | Temple   | Gained mutation: You are robust (+10% HP). [Xom's mischief]
 23498 | Temple   | Lost mutation: You are agile. (Dex +2) [Xom's mischief]
 24398 | Temple   | XOM is BORED!
 24398 | Temple   | XOM: noise
 24485 | Temple   | XOM: 6-stop teleportation journey
 24845 | Temple   | XOM: god gift: 2 poisoned javelins
 24933 | Temple   | XOM is BORED!
 24933 | Temple   | XOM: noise
 25158 | Temple   | XOM: 4-stop teleportation journey
 25191 | Temple   | XOM: severe Pois miscast
 25625 | Temple   | XOM: god gift: gilded ring {god gift}
 26011 | Temple   | XOM: god gift: 6 exploding tomahawks
 26191 | Temple   | XOM is BORED!
 26191 | Temple   | XOM: give mutations
 26191 | Temple   | Lost mutation: You possess an exceptional clarity of mind. [Xom's mischief]
 26191 | Temple   | Gained mutation: You are weak. (Str -2) [Xom's mischief]
 26191 | Temple   | Gained mutation: One of your tentacles bears a spike. [Xom's mischief]
 26536 | Temple   | XOM: give mutation
 26536 | Temple   | Gained mutation: You are partially covered in molten scales (AC +1). [Xom's grace]
 26607 | Temple   | XOM: give mutations
 26607 | Temple   | Gained mutation: One of your tentacles bears a nasty spike. [Xom's grace]
 26607 | Temple   | Gained mutation: You are very robust (+20% HP). [Xom's grace]
 26607 | Temple   | Gained mutation: Your flesh is very heat resistant. [Xom's grace]
 26631 | Temple   | XOM: 3-stop teleportation journey
 26665 | Temple   | XOM: give mutations
 26665 | Temple   | Gained mutation: Your flesh is almost immune to the effects of heat. [Xom's grace]
 26665 | Temple   | Gained mutation: You passively map a small area around you. [Xom's grace]
 27463 | Temple   | XOM: god gift: glowing hat {god gift}
 27758 | Temple   | XOM is BORED!
 27758 | Temple   | XOM: medium Necr miscast
 27927 | D:7      | XOM: blink monster(s)
 27938 | D:7      | XOM: cast spell 'Metabolic Englaciation'
 27965 | D:7      | XOM: 1-stop teleportation journey
 27996 | D:8      | Noticed Erolcha
 28011 | D:8      | XOM: confuse monster(s)
 28026 | D:8      | XOM: god gift: pearl ring {god gift}
 28032 | D:8      | XOM: summons 3 friendly demons
 28050 | D:8      | Killed Erolcha
 28085 | D:8      | Reached skill level 11 in Stealth
 28244 | D:8      | XOM: butterfly on damage
 28262 | D:8      | XOM: polymorph butterfly -> gnoll
 28322 | D:7      | XOM: scenery: 1 doors open
 28447 | Temple   | XOM: give mutations
 28447 | Temple   | Gained mutation: Your mind is acute. (Int +2) [Xom's grace]
 28447 | Temple   | Lost mutation: You evolve. [Xom's grace]
 28447 | Temple   | Gained mutation: You are somewhat resistant to further mutation. [Xom's grace]
 28447 | Temple   | Lost mutation: You are weak. (Str -2) [Xom's grace]
 29107 | Temple   | XOM: vitrification
 29200 | Temple   | XOM: god gift: lumpy green potion
 29365 | Temple   | XOM: god gift: rapier {god gift}
 29372 | Temple   | XOM: god gift: trident {god gift}
 29432 | Temple   | XOM: give mutations
 29432 | Temple   | Gained mutation: You are covered in fur (AC +1). [Xom's grace]
 29432 | Temple   | Gained mutation: You can translocate small distances at will. [Xom's grace]
 29735 | Temple   | XOM: give mutation
 29735 | Temple   | Gained mutation: Your muscles are strong. (Str +2) [Xom's grace]
 29858 | Temple   | XOM: cast spell 'Summon Butterflies'
 30013 | D:8      | XOM: swap monsters
 30120 | D:8      | Reached XP level 10. HP: 64/73 MP: 16/16
 30270 | D:8      | Reached skill level 5 in Shields
 30282 | D:8      | Lost mutation: Your flesh is almost immune to the effects of heat. [mutagenic meat]
 30299 | D:8      | Found a staircase to the Lair.
 30321 | Lair:1   | Entered Level 1 of the Lair of Beasts
 30359 | Lair:1   | XOM: summons friendly white imp
 30364 | Lair:1   | XOM: noise
 30378 | Lair:1   | XOM: noise
 30407 | Lair:1   | XOM: confusion (+ monsters)
 30408 | Lair:1   | XOM: summons 4 hostile demons
 30621 | D:8      | XOM: 5-stop teleportation journey
 30646 | D:8      | XOM: colour smoke trail
 30739 | D:8      | XOM: medium Conj miscast
 30988 | Lair:1   | XOM: cast spell 'Summon Ice Beast'
 31022 | Lair:1   | Noticed Fannar
 31123 | Lair:1   | Noticed an oklob plant
 31129 | Lair:1   | XOM: harmless Ice miscast
 31807 | Lair:1   | XOM: potion effect (brilliance)
 31823 | Lair:1   | XOM: give mutations
 31823 | Lair:1   | Lost mutation: You are partially covered in thin metallic scales (AC +2). [Xom's mischief]
 31823 | Lair:1   | Lost mutation: Your flesh is very heat resistant. [Xom's mischief]
 31823 | Lair:1   | Lost mutation: Your muscles are strong. (Str +2) [Xom's mischief]
 31823 | Lair:1   | Lost mutation: You are somewhat resistant to further mutation. [Xom's mischief]
 31842 | Lair:1   | XOM: potion effect (heal wounds)
 31847 | Lair:1   | Reached skill level 12 in Stealth
 31950 | Lair:1   | XOM: potion effect (berserk rage)
 31957 | Lair:1   | Slain by a komodo dragon

Vault maps used:
D:1:      dpeg_arrival_pits, serial_bayou_pond_a, ashenzari_altar_1
D:2:      minmay_strange_pillars, uniq_jessica
D:3:      okawaru_gym_becter, gammafunk_temple_overflow_wave, serial_glass,
          glass_columns_a, glass_columns_a, glass_columns_b, glass_columns_a,
          glass_columns_a, glass_columns_c, glass_columns_a, glass_columns_a,
          goddamned_bats
D:4:      xom_redecorated, first_bread, nrook_uturn, minmay_misc_feat_tiny
D:5:      nicolae_overflow_crystal_walls, minmay_temple_entry_hall,
          nicolae_tso_carved_into_rock
D:7:      old_standard_altar, zin_purify, grunt_livestock
D:8:      grunt_lair_entry_orc_guard_hut, uniq_erolcha
Temple:   zaba_magenta_temple_12
Lair:1:   minmay_lair_oklob_items, grunt_megastairs_4, uniq_fannar

Action                   |  1- 3 |  4- 6 |  7- 9 | 10-12 || total
-------------------------+-------+-------+-------+-------++-------
Melee: Short sword       |    75 |    97 |   371 |       ||   543
       Trident           |       |       |    24 |   307 ||   331
Evoke: Wand              |       |    24 |    15 |     6 ||    45
  Use: Potion            |       |     1 |     7 |     1 ||     9
       Scroll            |       |       |    10 |     7 ||    17
 Stab: Sleeping          |     8 |     3 |    20 |     4 ||    35
       Distracted        |       |       |     2 |     1 ||     3
       Confused          |       |       |     2 |       ||     2
  Eat: Chunk             |       |     6 |    25 |    12 ||    43
       Bread ration      |       |     1 |     2 |       ||     3
       Beef jerky        |       |     1 |     2 |       ||     3
       Meat ration       |       |       |     8 |       ||     8
